 Dungeon Crawl Stone Soup version 0.24.0-10-g970556be89 (webtiles) character file.

Game seed: 9707121692634635924, levelgen mode: deterministic

32 Esekla the Skirmisher (level 3, -10/33 HPs)
             Began as a Draconian Chaos Knight on Nov 3, 2019.
             Was a Plaything of Xom.
             Killed by divine providence
             ... invoked by an orc priest
              (13 damage)
             ... on level 3 of the Dungeon.
             The game lasted 00:04:08 (469 turns).

Esekla the Skirmisher (Draconian Chaos Knight)       Turns: 469, Time: 00:04:09

Health: -10/33     AC:  5    Str: 14    XL:     3   Next: 8%
Magic:  3/3        EV: 12    Int: 12    God:    Xom [*.....]
Gold:   51         SH:  0    Dex: 11    Spells: 2/2 levels left

rFire    . . .     SeeInvis .   a - +0 falchion (chaos)
rCold    . . .     Gourm    .   (no shield)
rNeg     . . .     Faith    .   (armour unavailable)
rPois    .         Spirit   .   (helmet restricted)
rElec    .         Reflect  .   (no cloak)
rCorr    .         Harm     .   (no gloves)
MR       .....                  (no boots)
Stlth    +.........             (no amulet)
HPRegen  0.11/turn              (no ring)
MPRegen  0.08/turn              (no ring)

@: no status effects
A: unfitting armour, cold-blooded, AC +5
a: Renounce Religion


You were on level 3 of the Dungeon.
You worshipped Xom.
You were a special plaything of Xom.
You were not hungry.

You visited 1 branch of the dungeon, and saw 3 of its levels.

You collected 51 gold pieces.

Inventory:

Hand Weapons
 a - a +0 falchion of chaos (weapon)
Scrolls
 e - a scroll of magic mapping {unknown}
 f - a scroll of identify {unknown}
Potions
 c - 2 potions of lignification {unknown}
 d - 2 potions of degeneration {unknown}
Comestibles
 b - a ration


   Skills:
 * Level 4.1 Fighting
 + Level 3.5 Long Blades
 + Level 2.2 Dodging


You had 2 spell levels left.
You didn't know any spells.
Your spell library was empty.

Dungeon Overview and Level Annotations

Branches:
Dungeon (3/15)

Altars:
Ashenzari
Kikubaaqudgha
Sif Muna

Portals:
Sewer: D:3


Innate Abilities, Weirdness & Mutations

Your plain brown scales are hard. (AC +5)
You cannot fit into any form of body armour.
You are cold-blooded and may be slowed by cold attacks.


Message History

The hobgoblin hits you but does no damage.
The orc priest calls down the wrath of Beogh upon you.
Pain shoots through your body!
You barely miss the orc priest.
The orc priest is severely wounded.
The hobgoblin hits you but does no damage.
The orc priest closely misses you.
You barely miss the orc priest.
The orc priest is severely wounded.
The hobgoblin misses you.
The orc priest calls down the wrath of Beogh upon you.
Beogh smites you!
* * * LOW HITPOINT WARNING * * *
The hobgoblin closely misses you.
You riposte.
You barely miss the hobgoblin. You barely miss the orc priest.
The orc priest is severely wounded.
The orc priest mumbles some strange prayers to Beogh against you.
Beogh smites you!
You die...
Xom laughs nastily!

###.#.#.≈≈.....
##..).≈≈.....
##.#.≈≈..∩..
#.#.≈≈≈....
#.#.≈≈o....
#)#o##≈≈.≈≈
#.#o##≈≈.≈≈
#w#oK......
#.@gSr.....
#########..


You could see a worm, an orc priest, an orc wizard, an orc, a hobgoblin, a ball
python, a kobold and a rat.

Vanquished Creatures
  4 worms
  An orc (D:3)
  2 bats (D:3)
  A goblin (D:1)
  4 hobgoblins
  A kobold (D:1)
  2 quokkas (D:2)
  A ball python (D:3)
  3 frilled lizards
19 creatures vanquished.

Notes
Turn   | Place    | Note
-------+----------+-------------------------------------------
     0 | D:1      | Esekla the Draconian Chaos Knight began the quest for the
                  | Orb.
     0 | D:1      | Reached XP level 1. HP: 19/19 MP: 1/1
    35 | D:1      | XOM: silly message
    71 | D:2      | XOM: potion effect (curing)
    74 | D:2      | Reached XP level 2. HP: 24/27 MP: 2/2
   222 | D:3      | Reached skill level 4 in Fighting
   253 | D:3      | Found an ancient bone altar of Kikubaaqudgha.
   254 | D:3      | Found a shimmering blue altar of Sif Muna.
   254 | D:3      | Found a shattered altar of Ashenzari.
   288 | D:3      | XOM: god gift: polished leather armour {god gift}
   291 | D:3      | Got a polished leather armour {god gift}
   339 | D:3      | XOM: butterfly on damage
   344 | D:3      | Reached XP level 3. HP: 11/33 MP: 3/3
   447 | D:3      | Found a glowing drain.
   469 | D:3      | Killed from afar by an orc priest

Levels and vault maps discovered:
D:1:      saegor_arrival_simple_a, layout_loops_corners
D:2:      layout_rooms, first_ration, uniq_sigmund, uniq_jessica
D:3:      layout_loops_ring, chequers_temple_overflow_statue_of_worship,
          cheibrodos_sewer_entry_sluice, kennysheep_generic_room_9

Skill      XL: |  1  2 |
---------------+-------+-----
Fighting       | 4 |  4.1
Long Blades    | |  3.5
Dodging        | |  2.2

Action                   || total
-------------------------++-------
Melee: Falchion          ||    50
       Tailslap          ||     2
Armor: Skin              ||     8
Dodge: Dodged            ||    24
       Rpst.: Falchion   ||     5
